 Dungeon Sprint DCSS version 0.20.1-1-g8b1a95d (webtiles) character file.

12635 Baril the Geomancer (level 11, -6/76 HPs)
             Began as a Gargoyle Earth Elementalist on Aug 31, 2017.
             Was the Champion of Vehumet.
             Mangled by a lorocyproca (31 damage)
             ... in the Dungeon (Sprint I: "Red Sonja").
             The game lasted 01:03:19 (3693 turns).

Baril the Geomancer (Gargoyle Earth Elementalist)   Turns: 3693, Time: 01:03:20

Health: -6/76      AC: 19    Str: 13    XL:     11   Next: 96%
Magic:  0/26       EV: 19    Int: 21    God:    Vehumet [******]
Gold:   812        SH:  0    Dex: 10    Spells: 9/33 levels left

rFire    . . .     SeeInvis +   a - +4 great mace of Xom's Vengeance {crush, +Inv}
rCold    . . .     Gourm    +   (shield currently unavailable)
rNeg     + . .     Faith    .   w - +2 robe {MR+}
rPois    ∞         Spirit   .   o - +0 helmet {SInv}
rElec    +         Reflect  .   u - +0 cloak
rCorr    .         Harm     .   v - +0 pair of gloves
MR       +....     NoTele   +   g - +0 pair of boots
Stlth    ++........             z - amulet of the gourmand
Regen    0.3/turn               s - +1 ring of evasion
MPRegen  0.2/turn               A - +3 ring of intelligence

@: no status effects
A: repulsion field 1, iridescent scales 1, negative energy resistance 1,
electricity resistance, unbreathing, petrification resistance, rot immunity, AC
+7
a: Renounce Religion, Evoke Invisibility


You were in the Dungeon.
You worshipped Vehumet.
Vehumet was exalted by your worship.
You were very full.

You visited 1 branch You collected 2677 gold pieces.
You spent 1865 gold pieces at shops.

Inventory:

Hand Weapons
 a - the +4 great mace of Xom's Vengeance (weapon) {crush, +Inv}
   (You found it in the Dungeon)

   It inflicts extra damage upon your enemies.
   It lets you turn invisible.
 b - a +0 blowgun
 t - a +0 hand axe
Missiles
 j - 14 poisoned needles
 m - 7 curare-tipped needles
Armour
 c - a +0 robe
 g - a +0 pair of boots (worn)
 o - a +0 helmet of see invisible (worn)
 q - a +0 buckler
 u - a +0 cloak (worn)
 v - a +0 pair of gloves (worn)
 w - a +2 robe of magic resistance (worn)
 x - a +3 leather armour of cold resistance
Jewellery
 l - an uncursed ring of wizardry
 s - a +1 ring of evasion (left hand)
 z - an amulet of the gourmand (around neck)
 A - a +3 ring of intelligence (right hand)
Scrolls
 y - a scroll of blinking
Potions
 e - 3 potions of curing
 f - 2 potions of heal wounds
 h - a potion of magic
 n - a potion of resistance
 p - 2 potions of berserk rage
 r - a potion of mutation
Books
 k - a book of Geomancy

   Spells                             Type                      Level
   a - Sandblast                      Earth                        1
   b - Passwall                       Transmutation/Earth          2
   c - Stone Arrow                    Conjuration/Earth            3
   d - Petrify                        Transmutation/Earth          4
   e - Lee's Rapid Deconstruction     Earth                        5
Comestibles
 d - 2 royal jellies
 i - a chunk of flesh


   Skills:
 + Level 12.2 Fighting
 + Level 6.7 Maces & Flails
 - Level 6.7 Armour
 - Level 8.6 Dodging
 - Level 2.1 Stealth
 - Level 5.0 Shields
 + Level 11.5 Spellcasting
 + Level 13.3 Conjurations
   Level 0.7 Transmutations
 + Level 10.2 Fire Magic
 + Level 14.4 Earth Magic


You had 9 spell levels left.
You knew the following spells:

 Your Spells              Type           Power        Failure   Level  Hunger
a - Sandblast             Erth           ######       0%          1    None
b - Stone Arrow           Conj/Erth      ######       1%          3    None
c - Lee's Rapid Deconstr  Erth           ######....   1%          5    ####...
d - Flame Tongue          Conj/Fire      #####        1%          1    None
e - Conjure Flame         Conj/Fire      ######..     1%          3    None
f - Bolt of Fire          Conj/Fire      ######....   1%          6    ######.
g - Fireball              Conj/Fire      ######....   1%          5    ####...


Dungeon Overview and Level Annotations

Branches:
Dungeon (1/1)

Altars:
Cheibriados
Dithmenos
Elyvilon
Fedhas
Gozag
Hepliaklqana
Kikubaaqudgha
Makhleb
Nemelex Xobeh
Okawaru
Qazlal
Ru
Sif Muna
Trog
Uskayaw
Vehumet
Xom
Yredelemnul
Zin
The Shining One
Jiyva
Lugonu

Shops:
D [!(%!?==(?[**!*%[%([!


Innate Abilities, Weirdness & Mutations

You are resistant to torment.
Your stone body is resilient. (AC +7)
You are immune to poison.
You resist negative energy. (rN+)
You are resistant to electric shocks. (rElec)
You can survive without breathing.
You are immune to petrification.
You are immune to rotting.
You are surrounded by a mild repulsion field. (EV +2)
You are partially covered in iridescent scales. (AC +2)


Message History

Aiming: Stone Arrow
Press: ? - help, Shift-Dir - straight line The stone arrow hits the lorocyproca.
The lorocyproca is heavily wounded.
Casting: Stone Arrow
Confirm with . or Enter, or press ? or * to list all spells.
Aiming: Stone Arrow
Press: ? - help, Shift-Dir - straight line, f - lorocyproca
Aim: a lorocyproca (heavily wounded, slightly transparent)
The stone arrow hits the lorocyproca.
The lorocyproca is severely wounded.
The lorocyproca hits you!!
You feel your power leaking away.
You completely miss the lorocyproca.
The lorocyproca is severely wounded.
The lorocyproca hits you!!
You closely miss the lorocyproca.
The lorocyproca is severely wounded.
The lorocyproca hits you. The lorocyproca hits you!!
You die...

#################################
.'..#[.'..#__#..@2.....#§§.§§§§.§
.#..'..#.....')÷#...##'#§####§..§
###'#####'.__####......#§# ##§§§
##..#...#.####.§#####..'§# ###+
_####..##.#≈≈≈§.#§§##'####
____##'#).'≈§§§.§§§#)...^#
.∩...'..._#≈§§§§#§§#).§.§...$
..__##_.#'##§#####§###§.§#...
____###'#.#))..###.'.#§.^# #+


You could see a lorocyproca (invisible).

Vanquished Creatures
  2 centaur warriors (D)
  Sonja (D)
  2 unseen horrors (D)
  A lindwurm (D)
  A deep troll (D)
  8 shining eyes (D)
  An oklob plant (D)
  A gargoyle (D)
  2 kobold demonologists (D)
  4 demonic crawlers (D)
  A slime creature (D)
  A hornet (D)
  2 redbacks (D)
  Sigmund (D)
  A yak (D)
  8 hogs (D)
  6 floating eyes (D)
  7 necrophages (D)
  An ogre (D)
  8 jellies (D)
  Ijyb (D)
  3 ballistomycetes (D)
  A ballistomycete spore (D)
64 creatures vanquished.

Vanquished Creatures (others)
  A gargoyle (D)
  5 hogs (D)
  A ballistomycete spore (D)
7 creatures vanquished.

Grand Total: 71 creatures vanquished

Notes
Turn   | Place    | Note
-------+----------+-------------------------------------------
     0 | D        | Baril the Gargoyle Earth Elementalist began the quest for the Orb.
     0 | D        | Reached XP level 1. HP: 10/10 MP: 3/3
     3 | D        | Noticed Ijyb
    23 | D        | Killed Ijyb
    23 | D        | Reached skill level 5 in Earth Magic
    23 | D        | Reached XP level 2. HP: 17/18 MP: 0/6
    23 | D        | Reached XP level 3. HP: 21/22 MP: 0/7
   133 | D        | Noticed an ogre
   141 | D        | Killed an ogre
   141 | D        | Reached skill level 6 in Earth Magic
   141 | D        | Reached XP level 4. HP: 5/30 MP: 2/10
   403 | D        | Noticed Sigmund
   408 | D        | Killed Sigmund
   408 | D        | Reached skill level 5 in Dodging
   408 | D        | Reached skill level 5 in Spellcasting
   408 | D        | Reached skill level 8 in Earth Magic
   408 | D        | Reached XP level 5. HP: 33/36 MP: 5/13
   408 | D        | Reached XP level 6. HP: 38/41 MP: 5/14
   458 | D        | Learned a level 3 spell: Stone Arrow
   470 | D        | Found a burning altar of Makhleb.
   470 | D        | Found a viscous altar of Jiyva.
   470 | D        | Found a shimmering altar of Xom.
   470 | D        | Found a corrupted altar of Lugonu.
   470 | D        | Noticed a slime creature
   475 | D        | Killed a slime creature
   475 | D        | Reached skill level 5 in Armour
   475 | D        | Reached XP level 7. HP: 29/48 MP: 9/16
   482 | D        | Learned a level 5 spell: Lee's Rapid Deconstruction
   594 | D        | Found a deep blue altar of Sif Muna.
   598 | D        | Found a radiant altar of Vehumet.
   608 | D        | Became a worshipper of Vehumet
   636 | D        | Found Fimolu's Food Emporium.
   636 | D        | Found an ancient bone altar of Kikubaaqudgha.
   636 | D        | Found a hazy altar of Hepliaklqana.
   636 | D        | Found a stormy altar of Qazlal.
   636 | D        | Found a hide-covered altar of Uskayaw.
   636 | D        | Found a blossoming altar of Fedhas.
   636 | D        | Found a bloodstained altar of Trog.
   636 | D        | Found an iron altar of Okawaru.
   636 | D        | Found a basalt altar of Yredelemnul.
   636 | D        | Found a glowing golden altar of the Shining One.
   636 | D        | Found a snail-covered altar of Cheibriados.
   636 | D        | Found a sacrificial altar of Ru.
   636 | D        | Found a glowing silver altar of Zin.
   636 | D        | Found a shadowy altar of Dithmenos.
   636 | D        | Found a white marble altar of Elyvilon.
   636 | D        | Noticed a yak
   639 | D        | Killed a yak
   639 | D        | Reached skill level 5 in Conjurations
   639 | D        | Reached skill level 9 in Earth Magic
   640 | D        | Found an opulent altar of Gozag.
   643 | D        | Found a sparkling altar of Nemelex Xobeh.
   709 | D        | Noticed Sonja
   715 | D        | Killed Sonja
   715 | D        | Reached skill level 10 in Earth Magic
   715 | D        | Reached XP level 8. HP: 43/55 MP: 10/19
   952 | D        | Found Essannam's Antique Armour Boutique.
   960 | D        | Bought a shiny helmet for 165 gold pieces
   977 | D        | Noticed a deep troll
   982 | D        | Killed a deep troll
   982 | D        | Reached * piety under Vehumet
   982 | D        | Offered knowledge of Freeze by Vehumet.
   993 | D        | Found Mahuipeu's Armour Emporium.
  1024 | D        | Bought a +0 buckler for 63 gold pieces
  1096 | D        | Noticed a kobold demonologist
  1097 | D        | Reached XP level 9. HP: 60/60 MP: 16/21
  1098 | D        | Noticed a kobold demonologist
  1102 | D        | Killed a kobold demonologist
  1104 | D        | Killed a kobold demonologist
  1104 | D        | Reached ** piety under Vehumet
  1104 | D        | Reached skill level 10 in Conjurations
  1104 | D        | Reached skill level 11 in Earth Magic
  1139 | D        | Bought a royal jelly for 20 gold pieces
  1139 | D        | Bought a royal jelly for 20 gold pieces
  1139 | D        | Bought a royal jelly for 20 gold pieces
  1139 | D        | Bought a royal jelly for 20 gold pieces
  1268 | D        | Offered knowledge of Flame Tongue by Vehumet.
  1275 | D        | Learned a level 1 spell: Flame Tongue
  1276 | D        | Noticed a shining eye
  1278 | D        | Noticed a shining eye
  1284 | D        | Gained mutation: Your spells are a little easier to cast, but a little less powerful. [a shining eye]
  1399 | D        | Gained mutation: You expend magic power (3 MP) to strengthen your wands. [a shining eye]
  1400 | D        | Killed a shining eye
  1405 | D        | Gained mutation: You are frail. (-10% HP) [a shining eye]
  1428 | D        | Noticed a shining eye
  1433 | D        | Gained mutation: Your spells are easier to cast, but less powerful. [a shining eye]
  1434 | D        | Killed a shining eye
  1434 | D        | Offered knowledge of Mephitic Cloud by Vehumet.
  1434 | D        | Reached skill level 10 in Fighting
  1438 | D        | Gained mutation: Your magical capacity is low. (-10% MP) [a shining eye]
  1440 | D        | Killed a shining eye
  1440 | D        | Reached *** piety under Vehumet
  1440 | D        | Reached skill level 12 in Earth Magic
  1440 | D        | Reached XP level 10. HP: 61/61 MP: 0/20
  1551 | D        | Noticed a shining eye
  1552 | D        | Gained mutation: Your body sometimes deteriorates upon taking damage. [a shining eye]
  1554 | D        | Gained mutation: Your spells are much easier to cast, but much less powerful. [a shining eye]
  1555 | D        | Lost mutation: You are frail. (-10% HP) [a shining eye]
  1556 | D        | Killed a shining eye
  1556 | D        | Offered knowledge of Conjure Flame by Vehumet.
  1561 | D        | Learned a level 3 spell: Conjure Flame
  1636 | D        | Noticed a shining eye
  1639 | D        | Gained mutation: Potions are less effective at restoring your health. [a shining eye]
  1641 | D        | Noticed a shining eye
  1645 | D        | Killed a shining eye
  1645 | D        | Reached **** piety under Vehumet
  1645 | D        | Reached skill level 5 in Shields
  1645 | D        | Reached skill level 5 in Fire Magic
  1646 | D        | Gained mutation: Your body often deteriorates upon taking damage. [a shining eye]
  1647 | D        | Noticed a shining eye
  1651 | D        | Gained mutation: You tend to lose your temper in combat. [a shining eye]
  1656 | D        | Gained mutation: You often lose your temper in combat. [a shining eye]
  1683 | D        | Gained mutation: You are dopey. (Int -2) [a shining eye]
  1684 | D        | Gained mutation: Your magical capacity is very low. (-20% MP) [a shining eye]
  1686 | D        | Lost mutation: Your body often deteriorates upon taking damage. [a shining eye]
  1689 | D        | Gained mutation: You have an uncontrollable temper. [a shining eye]
  1694 | D        | Gained mutation: You are frail. (-10% HP) [a shining eye]
  1696 | D        | Killed a shining eye
  1696 | D        | Offered knowledge of Iskenderun's Battlesphere by Vehumet.
  1784 | D        | Killed a shining eye
  1784 | D        | Reached skill level 13 in Earth Magic
  1793 | D        | Noticed a shining eye
  1800 | D        | Gained mutation: Your body often deteriorates upon taking damage. [a shining eye]
  1801 | D        | Gained mutation: You are very frail. (-20% HP) [a shining eye]
  1802 | D        | Gained mutation: Your magical capacity is extremely low. (-30% MP) [a shining eye]
  1803 | D        | Killed a shining eye
  1825 | D        | Found Mecweob's Distillery.
  1825 | D        | Found Ostru's Distillery.
  1825 | D        | Found Wiememo's Weapon Emporium.
  1825 | D        | Found Geonkata's Magic Scroll Boutique.
  1842 | D        | Bought 2 potions of mutation for 208 gold pieces
  1842 | D        | Lost mutation: You are very frail. (-20% HP) [potion of mutation]
  1842 | D        | Lost mutation: Your body often deteriorates upon taking damage. [potion of mutation]
  1842 | D        | Lost mutation: You expend magic power (3 MP) to strengthen your wands. [potion of mutation]
  1842 | D        | Gained mutation: You can translocate small distances at will. [potion of mutation]
  1843 | D        | Bought a potion of mutation for 104 gold pieces
  1843 | D        | Lost mutation: You can translocate small distances at will. [potion of mutation]
  1843 | D        | Lost mutation: You are frail. (-10% HP) [potion of mutation]
  1843 | D        | Lost mutation: Your spells are much easier to cast, but much less powerful. [potion of mutation]
  1843 | D        | Lost mutation: You are dopey. (Int -2) [potion of mutation]
  1844 | D        | Lost mutation: You have an uncontrollable temper. [potion of mutation]
  1844 | D        | Lost mutation: You often lose your temper in combat. [potion of mutation]
  1844 | D        | Lost mutation: You tend to lose your temper in combat. [potion of mutation]
  1844 | D        | Lost mutation: Your body sometimes deteriorates upon taking damage. [potion of mutation]
  1844 | D        | Lost mutation: Your magical capacity is extremely low. (-30% MP) [potion of mutation]
  1844 | D        | Lost mutation: Potions are less effective at restoring your health. [potion of mutation]
  1844 | D        | Gained mutation: You expend magic power (3 MP) to strengthen your wands. [potion of mutation]
  1844 | D        | Gained mutation: You are frail. (-10% HP) [potion of mutation]
  1844 | D        | Gained mutation: You are partially covered in rugged brown scales. (AC +1, +3% HP) [potion of mutation]
  1845 | D        | Lost mutation: Your magical capacity is very low. (-20% MP) [potion of mutation]
  1845 | D        | Lost mutation: Your spells are easier to cast, but less powerful. [potion of mutation]
  1845 | D        | Lost mutation: Your magical capacity is low. (-10% MP) [potion of mutation]
  1845 | D        | Gained mutation: You are resistant to hostile enchantments. (MR+) [potion of mutation]
  1846 | D        | Bought a potion of mutation for 104 gold pieces
  1846 | D        | Lost mutation: You are frail. (-10% HP) [potion of mutation]
  1846 | D        | Lost mutation: Your spells are a little easier to cast, but a little less powerful. [potion of mutation]
  1846 | D        | Lost mutation: You expend magic power (3 MP) to strengthen your wands. [potion of mutation]
  1846 | D        | Lost mutation: You are resistant to hostile enchantments. (MR+) [potion of mutation]
  1846 | D        | Lost mutation: You are partially covered in rugged brown scales. (AC +1, +3% HP) [potion of mutation]
  1846 | D        | Gained mutation: You are partially covered in iridescent scales. (AC +2) [potion of mutation]
  1846 | D        | Gained mutation: You are surrounded by a mild repulsion field. (EV +2) [potion of mutation]
  1956 | D        | Noticed a centaur warrior
  1956 | D        | Noticed a centaur warrior
  1962 | D        | Killed a centaur warrior
  1962 | D        | Reached ***** piety under Vehumet
  1964 | D        | Killed a centaur warrior
  1964 | D        | Offered knowledge of Bolt of Fire by Vehumet.
  1964 | D        | Reached XP level 11. HP: 60/74 MP: 7/24
  1972 | D        | Learned a level 6 spell: Bolt of Fire
  2113 | D        | Noticed an oklob plant
  2255 | D        | Killed an oklob plant
  2457 | D        | Reached skill level 14 in Earth Magic
  2519 | D        | Noticed an unseen horror
  2520 | D        | Noticed an unseen horror
  2538 | D        | Killed an unseen horror
  2541 | D        | Killed an unseen horror
  2631 | D        | Offered knowledge of Fireball by Vehumet.
  2638 | D        | Learned a level 5 spell: Fireball
  2642 | D        | Reached skill level 10 in Fire Magic
  2647 | D        | Offered knowledge of Iron Shot by Vehumet.
  2729 | D        | Found Bihasino's Jewellery Shoppe.
  2730 | D        | Found Hecuivuqoh's Weapon Boutique.
  2731 | D        | Found Qyesmib's Jewellery Shop.
  2751 | D        | Got a twisted great mace
  2757 | D        | Identified the +4 great mace of Xom's Vengeance {crush, +Inv} (You found it in the Dungeon)
  2763 | D        | Found Epay's Magic Scroll Emporium.
  2763 | D        | Found Ceaclip's Antique Armour Shop.
  2763 | D        | Found Libeig's General Store.
  2763 | D        | Found Kuwn's General Store.
  2763 | D        | Found Xohaff's Distillery.
  2763 | D        | Found Eviph's Assorted Antiques.
  2763 | D        | Found Lust's Food Shoppe.
  2767 | D        | Found Cegymezonn's Armour Boutique.
  2768 | D        | Found Viblaic's Weapon Emporium.
  2768 | D        | Found Gaarrij's Food Boutique.
  2769 | D        | Found Ynaija Xefi's Distillery.
  2788 | D        | Bought a potion of heal wounds for 65 gold pieces
  2790 | D        | Bought a cloak for 99 gold pieces
  2807 | D        | Bought a +0 pair of gloves for 54 gold pieces
  2816 | D        | Bought a royal jelly for 26 gold pieces
  2817 | D        | Bought a royal jelly for 24 gold pieces
  2818 | D        | Bought a runed robe for 81 gold pieces
  2830 | D        | Bought a glowing leather armour for 110 gold pieces
  2841 | D        | Bought a scroll of blinking for 105 gold pieces
  2843 | D        | Bought an uncursed amulet of the gourmand for 420 gold pieces
  2853 | D        | Bought a +3 ring of intelligence for 157 gold pieces
  2945 | D        | Reached skill level 1 in Maces & Flails
  2945 | D        | Reached skill level 10 in Spellcasting
  3029 | D        | Reached ****** piety under Vehumet
  3029 | D        | Offered knowledge of Bolt of Cold by Vehumet.
  3263 | D        | Noticed a lindwurm
  3266 | D        | Killed a lindwurm
  3266 | D        | Reached skill level 5 in Maces & Flails
  3381 | D        | Offered knowledge of Poison Arrow by Vehumet.
  3687 | D        | Noticed a lorocyproca
  3693 | D        | Mangled by a lorocyproca

Skill      XL: |  1  2  3  4  5  6  7  8  9 10 11 |
---------------+----------------------------------+-----
Fighting       | 2 4 6 7 8 9 10 11 12 | 12.2
Dodging        | 2 4 5 6 7 8 |  8.6
Spellcasting   | 3 4 5 6 7 8 9 11 | 11.5
Earth Magic    | 5 6 8 10 12 13 14 | 14.4
Armour         | 3 5 6 |  6.7
Conjurations   | 4 7 9 11 12 13 | 13.3
Shields        | 4 5 |  5.0
Fire Magic     | 3 8 10 | 10.2
Maces & Flails | 6 |  6.7
Stealth        | |  2.1
Transmutations | |  0.7

Action                   |  1- 3 |  4- 6 |  7- 9 | 10-12 || total
-------------------------+-------+-------+-------+-------++-------
Melee: Unarmed           |    12 |       |       |       ||    12
       Hand axe          |       |       |     6 |    46 ||    52
       Great mace        |       |       |       |    49 ||    49
 Fire: Blowgun           |       |       |       |     1 ||     1
 Cast: Sandblast         |    10 |    10 |     9 |     1 ||    30
       Stone Arrow       |       |       |    19 |    65 ||    84
       Lee's Rapid Decon |       |       |    13 |    14 ||    27
       Flame Tongue      |       |       |       |    12 ||    12
       Bolt of Fire      |       |       |       |     5 ||     5
       Fireball          |       |       |       |     1 ||     1
  Use: Potion            |     3 |       |       |     5 ||     8
       Scroll            |     1 |       |       |     1 ||     2
  Eat: Chunk             |       |       |     1 |    12 ||    13
       Bread ration      |       |       |     1 |       ||     1
       Royal jelly       |       |       |       |     4 ||     4
Armor: Robe              |     3 |       |     5 |    17 ||    25
       Leather armour    |       |       |       |    66 ||    66
Dodge: Dodged            |     5 |     2 |     6 |   168 ||   181
Block: Buckler           |       |       |     1 |    12 ||    13
